 Dungeon Crawl Stone Soup version 0.29-a0-322-g68df515428 (webtiles) character file.

Game seed: 15531464693513524235

756 YayAnonymity the Spear-Bearer (level 7, -2/78 HPs)
             Began as a Demonspawn Berserker on Apr 7, 2022.
             Was a Priest of Trog.
             Slain by Natasha (8 damage)
             ... on level 4 of the Dungeon.
             The game lasted 00:06:20 (5503 turns).

YayAnonymity the Spear-Bearer (DsBe)                Turns: 5503, Time: 00:06:21

Health: -2/78      AC:  0    Str: 19    XL:     7   Next: 50%
Magic:  7/7        EV: 14    Int:  9    God:    Trog [***...]
Gold:   232        SH:  0    Dex: 12    Spells: 6/6 levels left

rFire   . . .      SeeInvis .   (weapon currently unavailable)
rCold   . . .      Faith    .   (shield currently unavailable)
rNeg    . . .      Spirit   .   (body armour currently unavailable)
rPois   .          Reflect  .   (helmet currently unavailable)
rElec   .          Harm     .   (cloak currently unavailable)
rCorr   .          Rampage  .   (gloves currently unavailable)
Will    .....                   (boots currently unavailable)
Stlth   ..........              (no amulet)
HPRegen 0.23/turn               (ring currently unavailable)
MPRegen 0.10/turn               (ring currently unavailable)

@: berserking, pig-form (expiring), studying Crossbows, very quick
A: fast, no casting, small, (horns 1), (spiny 1), (sturdy frame 2)
a: Renounce Religion, Berserk, Trog's Hand


You were on level 4 of the Dungeon.
You worshipped Trog.
Trog was most pleased with you.
You were a filthy swine.
You visited 1 branch of the dungeon, and saw 4 of its levels.

You collected 232 gold pieces.

Inventory:

Hand Weapons
 a - a +1 spear of freezing (melded)
Missiles
 g - 9 boomerangs (quivered)
 s - 2 javelins
 u - 5 poisoned darts
Armour
 l - a +1 scale mail (melded)
Jewellery
 b - a ring of willpower
 v - an amulet of the acrobat
Wands
 p - a wand of acid (8)
Scrolls
 d - 3 scrolls of teleportation
 m - a scroll of magic mapping
 n - a scroll of blinking {unknown}
Potions
 c - 2 potions of mutation
 e - a potion of invisibility {unknown}
 f - 2 potions of curing {unknown}
 h - 2 potions of flight {unknown}
 i - 2 potions of might {unknown}
 j - 2 potions of heal wounds {unknown}
 k - a potion of degeneration {unknown}
 o - 2 potions of brilliance {unknown}
 q - a potion of magic {unknown}
 r - a potion of berserk rage {unknown}
 t - 2 potions of lignification {unknown}
 w - a potion of cancellation {unknown}


   Skills:
 - Level 3.0 Fighting
 * Level 8.1 Polearms
 - Level 2.0 Armour
 - Level 2.0 Dodging


You had 6 spell levels left.
You didn't know any spells.
Your spell library was empty.

Dungeon Overview and Level Annotations

Branches:
Dungeon (4/15)
 Temple: D:4-7

Altars:
Fedhas
Beogh

Annotations:
D:3 4 runed translucent doors, Crazy Yiuf; pcat's ghost, amateur DECj
D:4 Natasha


Innate Abilities, Weirdness & Mutations

You are a filthy swine.
You move quickly.
Your equipment is almost entirely melded.
You are incapable of wielding weapons or throwing items.
You cannot cast spells.
((You have a pair of small horns on your head.))
((You are partially covered in sharp spines.))
((Your movements are less encumbered by armour. (ER -4)))


Message History

You hit Natasha.
Natasha is severely wounded.
You barely miss Natasha.
Natasha is severely wounded.
Natasha barely misses you.
You barely miss Natasha.
Natasha is severely wounded.
Natasha misses you.
You hit Natasha but do no damage.
Natasha is severely wounded.
Natasha claws you.
You barely miss Natasha.
Natasha is severely wounded.
Natasha barely misses you.
You hit Natasha but do no damage.
Natasha is severely wounded.
Natasha stares at you and mumbles some strange words.
The magic dart hits you!
You completely miss Natasha.
Natasha is severely wounded.
Natasha closely misses you.
You closely miss Natasha.
Natasha is severely wounded.
Your transformation is almost over.
Natasha stares at you and mumbles some strange words.
The magic dart hits you.
* * * LOW HITPOINT WARNING * * *
You closely miss Natasha.
Natasha is severely wounded.
You hit Natasha but do no damage.
Natasha is severely wounded.
Natasha casts a spell at you. The magic dart hits you!
* * * LOW HITPOINT WARNING * * *
You barely miss Natasha.
Natasha is severely wounded.
Natasha closely misses you.
A red film seems to cover your vision as you go berserk!
You feel yourself moving faster!
You feel mighty! Natasha claws you!
You die...

#........#....###....# #.........
....#................# #......###
.#..#..........##....# #......#
....##..#......#####.#*#......#
.##..#.....###.###*...........#
..##.##.###**#...#*(.....######**
.........,,,,###.#*,.....,,,,,,,,
#..####.****,#...#,,.###.,,,,,,,,
......#,,,,*,###h#,*****,,,,,,,,,
##..#.#,**,*,**#.h......*********
....#,#,*,,,,,*###......*****
.#....*,*,,*,,**,,..)...,,,,*
.#..###,****,,**,*,####.,,,,*
.....,,,,,,,,,,*,*,* *,,,,,*
...#.#*,****)***,*,* *,,,,,*
...#..*,,,,,<,,,,*,* *,,,,,*
.....,,,,,,,,*****,* *,,,,,*


You could see Natasha.

Vanquished Creatures
  Grinder (D:3)
  Duvessa (D:4)
  A scorpion (D:4)
  Dowan (D:4)
  A howler monkey (D:4)
  Jessica (D:2)
  Terence (D:2)
  An iguana (D:4)
  An orc wizard (D:3)
  Natasha (D:4)
  7 adders
  2 ufetubi
  A worm (D:2)
  A dart slug (D:2)
  8 orcs
  8 endoplasms
  5 giant cockroaches
  7 goblins
  7 hobgoblins
  7 jackals (D:1)
  4 quokkas
  10 ball pythons
  9 bats
  3 frilled lizards
  3 kobolds
  4 rats
96 creatures vanquished.

Notes
Turn   | Place    | Note
-------+----------+-------------------------------------------
     0 | D:1      | YayAnonymity the Demonspawn Berserker began the quest for
                  | the Orb.
     0 | D:1      | Reached XP level 1. HP: 18/18 MP: 1/1
   121 | D:1      | Reached skill level 3 in Polearms
   121 | D:1      | Gained mutation: Your movements are slightly less
                  | encumbered by armour. (ER -2) [demonic ancestry]
   121 | D:1      | Reached XP level 2. HP: 24/24 MP: 2/2
   268 | D:1      | Found a faded altar of an unknown god.
   495 | D:1      | Reached ** piety under Trog
   623 | D:1      | Gained mutation: You have a pair of small horns on your
                  | head. [demonic ancestry]
   623 | D:1      | Reached XP level 3. HP: 26/29 MP: 3/3
   906 | D:2      | Reached skill level 4 in Polearms
  1435 | D:2      | Reached XP level 4. HP: 34/35 MP: 4/4
  1639 | D:2      | Noticed Terence
  1652 | D:2      | Killed Terence
  1920 | D:2      | Noticed Jessica
  1925 | D:2      | Killed Jessica
  1926 | D:2      | Reached skill level 5 in Polearms
  2411 | D:3      | Noticed Grinder
  2414 | D:3      | Paralysed by Grinder for 7 turns
  2427 | D:3      | Killed Grinder
  2428 | D:3      | Reached skill level 6 in Polearms
  2428 | D:3      | Gained mutation: Your movements are less encumbered by
                  | armour. (ER -4) [demonic ancestry]
  2428 | D:3      | Reached XP level 5. HP: 6/41 MP: 5/5
  2428 | D:3      | Gained mutation: You are partially covered in sharp spines.
                  | [demonic ancestry]
  2428 | D:3      | Reached XP level 6. HP: 7/47 MP: 6/6
  2830 | D:3      | Found a runed translucent door.
  2831 | D:3      | Noticed Crazy Yiuf
  3296 | D:3      | Found a runed translucent gate.
  3296 | D:3      | Noticed pcat's ghost (amateur DECj)
  3297 | D:3      | Found a runed translucent gate.
  3298 | D:3      | Found a runed translucent gate.
  3299 | D:3      | Identified the +4 scale mail "Omnux" {-Cast rF- rC+++
                  | Slay+3}
  4130 | D:4      | Noticed Duvessa
  4130 | D:4      | Noticed Dowan
  4367 | D:4      | Killed Duvessa
  4368 | D:4      | Reached skill level 7 in Polearms
  4368 | D:4      | Reached XP level 7. HP: 52/52 MP: 7/7
  4371 | D:4      | Killed Dowan
  4688 | D:4      | Found a blossoming altar of Fedhas.
  4724 | D:4      | Reached *** piety under Trog
  4955 | D:4      | Reached skill level 8 in Polearms
  5117 | D:4      | Noticed Natasha
  5123 | D:4      | Killed Natasha
  5479 | D:4      | Noticed Natasha
  5503 | D:4      | Slain by Natasha

Illustrated notes

Levels and vault maps discovered:
D:1:      psy_arrival_dodecagon, layout_rooms,
          nicolae_ecumenical_snake_handling, minmay_crystal_water
D:2:      layout_loops_corners, minmay_small_reverse_x, uniq_terence,
          uniq_jessica
D:3:      layout_basic, biasface_ghost_orc_armoury, uniq_crazy_yiuf_cottage,
          uniq_grinder
D:4:      layout_basic, mainiacjoe_overflow_six_doors_small,
          grunt_ministairs_13, hangedman_decor_points, minmay_manual_monstrance,
          uniq_duvessa, uniq_natasha

Skill      XL: |  1  2  3  4  5  6  7 |
---------------+----------------------+-----
Polearms       | 3 4 6 7 8 |  8.1
Armour         | 2 |  2.0
Dodging        | 2 |  2.0
Fighting       | |  3.0

Action                   |  1- 3 |  4- 6 |  7- 9 || total
-------------------------+-------+-------+-------++-------
Melee: Spear             |   120 |   127 |    49 ||   296
       Punch             |     1 |     4 |       ||     5
       Headbutt          |     6 |     9 |     3 ||    18
       Unarmed           |       |       |    20 ||    20
Invok: Berserk           |     1 |     3 |     1 ||     5
  Use: Scroll            |       |     7 |     3 ||    10
 Stab: Sleeping          |       |     1 |       ||     1
Armor: Animal skin       |    16 |       |       ||    16
       Scale mail        |       |    30 |     9 ||    39
       Skin              |       |     5 |       ||     5
Dodge: Dodged            |    70 |    32 |    24 ||   126

Table legend: (Time is in decaauts)
 A = Elapsed time spent in this place.
 B = Non-inter-level travel time spent in this place.
 C = Inter-level travel time spent in this place.
 D = Time resting spent in this place.
 E = Time spent auto-exploring this place.
 F = Levels seen in this place.
 G = Mean time per level.
                   A        B        C        D        E       F      G
               +--------+--------+--------+--------+--------+-----+--------+
         Total |   5506 |   5091 |    415 |    498 |   3913 |   4 | 1376.5 |
       Dungeon |   5506 |   5091 |    415 |    498 |   3913 |   4 | 1376.5 |
               +--------+--------+--------+--------+--------+-----+--------+

Top non-repeatable levels by time:
     D:3: 1882 daAuts
     D:2: 1510 daAuts
     D:4: 1245 daAuts
     D:1: 868 daAuts
